 Dungeon Crawl Stone Soup version 0.27-a0-1177-g245c70e1c0 (webtiles) character file.

Game seed: 11152327289401269916

36 polve the Ruffian (level 3, -2/36 HPs)
             Began as a Troll Fighter on May 16, 2021.
             Killed from afar by Robin (6 damage)
             ... with a puff of flame
             ... on level 2 of the Dungeon.
             The game lasted 00:00:36 (555 turns).

polve the Ruffian (Troll Fighter)                    Turns: 555, Time: 00:00:37

Health: -2/36      AC:  4    Str: 25    XL:     3   Next: 19%
Magic:  2/2        EV:  7    Int:  4    God:
Gold:   44         SH:  8    Dex:  9    Spells: 2/2 levels left

rFire    . . .     SeeInvis .     - Unarmed
rCold    . . .     Faith    .   b - +0 kite shield
rNeg     . . .     Spirit   .   a - +0 robe
rPois    .         Reflect  .   (helmet restricted)
rElec    .         Harm     .   (no cloak)
rCorr    .         Rampage  .   (gloves unavailable)
Will     .....                  (boots unavailable)
Stlth    +.........             (no amulet)
HPRegen  1.12/turn              (no ring)
MPRegen  0.08/turn              (no ring)

@: no status effects
A: large, unfitting armour, claws 3, regeneration 1, shaggy fur 1, tough skin 1
a: no special abilities


You were on level 2 of the Dungeon.
You visited 1 branch of the dungeon, and saw 2 of its levels.

You collected 44 gold pieces.

Inventory:

Armour
 a - a +0 robe (worn)
 b - a +0 kite shield (worn)
Scrolls
 d - a scroll of blinking {unknown}
 f - a scroll of vulnerability {unknown}
 g - a scroll of identify {unknown}
 h - a scroll of fog {unknown}
Potions
 c - a potion of might
 e - a potion of attraction {unknown}
 i - a potion of lignification {unknown}
 j - a potion of berserk rage {unknown}


   Skills:
 - Level 2.4 Fighting
 - Level 2.4 Dodging
 - Level 2.4 Shields
 + Level 3.7 Unarmed Combat


You had 2 spell levels left.
You didn't know any spells.
Your spell library was empty.

Dungeon Overview and Level Annotations

Branches:
Dungeon (2/15)

Altars:

Annotations:
D:2 Robin


Innate Abilities, Weirdness & Mutations

You are too large for most types of armour.
You have claws for hands.
Your natural rate of healing is unusually fast.
You are covered in fur. (AC +1)
You have tough skin. (AC +1)


Message History

The goblin hits you with a +0 dagger. You block the goblin's attack. x2
The hobgoblin hits you. The goblin hits you but does no damage.
The goblin hits you with a +0 club.
You scratch the hobgoblin.
The hobgoblin is heavily wounded.
The hobgoblin no longer looks unusually strong.
The hobgoblin hits you but does no damage.
The goblin hits you with a +0 dagger. The goblin hits you but does no damage.
The goblin hits you with a +0 club.
* * * LOW HITPOINT WARNING * * *
You closely miss the hobgoblin.
The hobgoblin is heavily wounded.
The goblin hits you with a +0 dagger.
* * * LOW HITPOINT WARNING * * *
The hobgoblin hits you but does no damage.
You block the goblin's attack. x2
You claw the hobgoblin!
You kill the hobgoblin!
The goblin hits you but does no damage. You block the goblin's attack.
The goblin hits you with a +0 club.
* * * LOW HITPOINT WARNING * * *
Robin barely misses you.
You scratch Robin.
Robin is moderately wounded.
The goblin no longer looks unusually strong.
You block the goblin's attack. The goblin hits you but does no damage.
The goblin barely misses you. Robin hits you but does no damage.
You claw Robin!
Robin is almost dead.
You block the goblin's attack. x2; The goblin barely misses you.
Robin roars a battlecry!
The goblin goes into a battle-frenzy!
You barely miss Robin.
Robin is almost dead.
The goblin no longer looks unusually strong. x2
The goblin hits you but does no damage. The goblin barely misses you.
The goblin hits you with a +0 club.
* * * LOW HITPOINT WARNING * * *
Robin zaps a wand.
The puff of flame hits you.
You die...

####### ......#
.?....#
#####$.....#
#..<#......#
#.###.$....#
#.<........#
#.#g##........
#..g@g........
###g##........
#g.l........
#.#)........
....gg.....?.
...#.##....#...
.. #. .....g...
. #. .........
.........


You could see Robin and 4 goblins.

Vanquished Creatures
  A dart slug (D:1)
  A ball python (D:1)
  An endoplasm (D:1)
  A giant cockroach (D:1)
  8 goblins
  4 hobgoblins
  3 jackals (D:1)
  3 bats (D:1)
  5 kobolds (D:1)
  2 rats (D:1)
29 creatures vanquished.

Notes
Turn   | Place    | Note
-------+----------+-------------------------------------------
     0 | D:1      | polve the Troll Fighter began the quest for the Orb.
     0 | D:1      | Reached XP level 1. HP: 22/22 MP: 0/0
    93 | D:1      | Reached XP level 2. HP: 22/29 MP: 1/1
   297 | D:1      | Reached skill level 3 in Unarmed Combat
   357 | D:1      | Found a faded altar of an unknown god.
   534 | D:2      | Noticed Robin
   538 | D:2      | Reached XP level 3. HP: 33/36 MP: 2/2
   555 | D:2      | Killed from afar by Robin

Illustrated notes

Levels and vault maps discovered:
D:1:      matt_arrival_refuge, layout_rooms, hellmonk_ecumenical_altar_blasted,
          nrook_loot_triangle
D:2:      layout_basic, serial_shops, shop, st_stairs_7, minmay_misc_feat_cross,
          kennysheep_jessica_study, uniq_robin

Skill      XL: |  1  2 |
---------------+-------+-----
Unarmed Combat | 3 |  3.7
Fighting       | |  2.4
Dodging        | |  2.4
Shields        | |  2.4

Action                   || total
-------------------------++-------
Melee: Unarmed           ||    85
Armor: Robe              ||    44
Dodge: Dodged            ||    36
Block: Kite shield       ||    50

Table legend: (Time is in decaauts)
 A = Elapsed time spent in this place.
 B = Non-inter-level travel time spent in this place.
 C = Inter-level travel time spent in this place.
 D = Time resting spent in this place.
 E = Time spent auto-exploring this place.
 F = Levels seen in this place.
 G = Mean time per level.
                   A        B        C        D        E       F      G
               +--------+--------+--------+--------+--------+-----+--------+
         Total |    569 |    548 |     21 |      0 |    371 |   2 |  284.5 |
       Dungeon |    569 |    548 |     21 |      0 |    371 |   2 |  284.5 |
               +--------+--------+--------+--------+--------+-----+--------+

Top non-repeatable levels by time:
     D:1: 534 daAuts
     D:2: 34 daAuts
